 Dungeon Crawl Stone Soup version 0.19.4-9-g45fd643 (webtiles) character file.

36803 JeffiDaFish the Fighter (level 13, -5/84 HPs)
             Began as a Gargoyle Fighter on Feb 17, 2017.
             Was a High Priest of Makhleb.
             Slain by Rupert
             ... wielding a +0 great mace of protection
              (20 damage)
             ... on level 5 of the Lair of Beasts.
             The game lasted 00:47:03 (15865 turns).

JeffiDaFish the Fighter (Gargoyle Fighter)         Turns: 15865, Time: 00:47:04

Health: -5/84      AC: 32    Str: 20    XL:     13   Next: 92%
Magic:  17/17      EV:  9    Int: 11    God:    Makhleb [*****.]
Gold:   897        SH: 18    Dex: 21    Spells: 1 memorised, 14 levels left

rFire  . . .     SeeInvis .     a - +5 trident of Conflict {pierce, Dex+3}
rCold  . . .     Gourm    .     x - +0 plate armour
rNeg   + . .     Faith    .     o - +0 large shield {reflect}
rPois  ∞         Spirit   .     d - +0 helmet
rElec  +         Reflect  +     p - +2 cloak
rCorr  .         Harm     .     s - +2 pair of gloves
MR     .....                    (no boots)
Stlth  ..........               t - amulet of rage
                                h - +6 ring of dexterity
                                n - +2 ring of evasion

@: no status effects
A: negative energy resistance 1, electricity resistance, unbreathing,
petrification resistance, rot immunity, AC +9
a: Minor Destruction, Lesser Servant of Makhleb, Major Destruction, Greater
Servant of Makhleb, Renounce Religion, Evoke Berserk Rage


You were on level 5 of the Lair of Beasts.
You worshipped Makhleb.
Makhleb was extremely pleased with you.
You were not hungry.

You visited 3 branches of the dungeon, and saw 17 of its levels.

You collected 897 gold pieces.

Inventory:

Hand Weapons
 a - the +5 trident of Conflict (weapon) {pierce, Dex+3}
   (You found it on level 8 of the Dungeon)

   It inflicts extra damage upon your enemies.
   It affects your dexterity (+3).
 D - a +2 morningstar of freezing
Armour
 d - a +0 helmet (worn)
 o - a +0 large shield of reflection (worn)
 p - a +2 cloak (worn)
 s - a +2 pair of gloves (worn)
 x - a +0 plate armour (worn)
Jewellery
 g - a +3 amulet of reflection
 h - a +6 ring of dexterity (right hand)
 n - a +2 ring of evasion (left hand)
 t - an amulet of rage (around neck)
Scrolls
 e - 4 scrolls of teleportation
 j - 2 scrolls of amnesia
 l - 3 scrolls of fear
 m - 7 scrolls of remove curse
 w - 7 scrolls of identify
 y - a scroll of magic mapping
 B - 4 scrolls of recharging
 E - a scroll of blinking
Potions
 b - a potion of magic
 q - 7 potions of flight
 A - a potion of haste
 C - 2 potions of agility
 F - 2 potions of cure mutation
 H - a potion of berserk rage
 I - a potion of brilliance
Books
 v - a book of Minor Magic

   Spells                             Type                      Level
   a - Magic Dart                     Conjuration                  1
   b - Blink                          Translocation                2
   c - Call Imp                       Summoning                    2
   d - Repel Missiles                 Charms/Air                   2
   e - Slow                           Hexes                        2
   f - Conjure Flame                  Conjuration/Fire             3
   g - Mephitic Cloud                 Conjuration/Poison/Air       3
Comestibles
 c - 11 royal jellies
 f - 11 bread rations
 i - 17 fruits
 k - 5 slices of pizza
 r - a beef jerky
 u - 10 meat rations
 z - 11 chunks of flesh


   Skills:
 * Level 11.4 Fighting
 - Level 6.7 Maces & Flails
 * Level 9.6 Polearms
 * Level 11.0 Armour
 + Level 5.6 Dodging
 * Level 11.1 Shields
 - Level 2.6 Spellcasting
 - Level 2.5 Conjurations
 - Level 2.1 Air Magic
 - Level 2.8 Poison Magic
 + Level 6.1 Evocations


You had 14 spell levels left.
You knew the following spells:

 Your Spells              Type           Power        Failure   Level  Hunger
a - Mephitic Cloud        Conj/Pois/Air  #.......     100%        3    ####...


Dungeon Overview and Level Annotations

Branches:
Dungeon (11/15)            Temple (1/1) D:5            Lair (5/6) D:11
  Swamp (0/4) Lair:2        Snake (0/4) Lair:3        Slime (0/5) Lair:5
    Orc: D:9-12

Altars:
Ashenzari
Cheibriados
Dithmenos
Elyvilon
Fedhas
Gozag
Hepliaklqana
Kikubaaqudgha
Makhleb
Nemelex Xobeh
Okawaru
Qazlal
Ru
Sif Muna
Trog
Uskayaw
Vehumet
Yredelemnul
Zin
The Shining One
Jiyva

Shops:
D:11 *

Annotations:
D:11 exclusion: orange crystal statue
Lair:5 Rupert


Innate Abilities, Weirdness & Mutations

You are resistant to torment.
Your stone body is resilient. (AC +9)
You are immune to poison.
You resist negative energy. (rN+)
You are resistant to electric shocks. (rElec)
You can survive without breathing.
You are immune to petrification.
You are immune to rotting.


Message History

Rupert is moderately wounded.
You block Rupert's attack.
The blink frog blinks!
Rupert hits you with a great mace of protection!!
You puncture Rupert!
Rupert is moderately wounded.
You block Rupert's attack.
You completely miss Rupert.
Rupert is moderately wounded.
You block the blink frog's attack.
Rupert hits you with a great mace of protection!!
* * * LOW HITPOINT WARNING * * *
You block the blink frog's attack. x2; The blink frog hits you.
* * * LOW HITPOINT WARNING * * *
You feel better. Rupert closely misses you. You block the blink frog's attack.
The blink frog blinks!
Rupert closely misses you.
You feel better. The blink frog hits you.
* * * LOW HITPOINT WARNING * * *
You block the blink frog's attack.
Rupert hits you with a great mace of protection!!
You die...

..P.##...........<..#
..................P.
## #...#.###.P......##
P# #
##..####.#P.>.....#
..##.# ####
####....P### ......
##....## #......
#.....##.......
##...F.#.......
#....@@†......<
#...%.....F....
##.............
#............. ##
#............. ###.
#.##............ #...
......#......... ##
##.#+##.....##........
.####......#....###


You could see Rupert (berserk) and 2 blink frogs.

Vanquished Creatures
  Gastronok (D:9)
  An ice dragon (D:10)
  6 hydras
  The ghost of VoxxSkies the Grappler, a novice TrMo of Yredelemnul (Lair:1)
  A death yak (Lair:3)
  Nergalle (Lair:4)
  An unseen horror (D:11)
  2 hill giants
  An ugly thing (D:8)
  6 elephants (Lair:5)
  A guardian serpent (Lair:3)
  A black mamba (Lair:3)
  2 torpor snails
  A gargoyle (D:10)
  8 spiny frogs
  3 rime drakes
  5 komodo dragons
  A queen bee (D:10)
  A troll (D:10)
  2 two-headed ogres
  A blink frog (Lair:5)
  Grinder (D:4)
  2 dream sheep (D:8)
  2 hippogriffs
  A tarantella (shapeshifter) (D:10)
  Sigmund (D:3)
  A shadow (D:11)
  2 wyverns
  36 yaks
  A basilisk (Lair:1)
  2 hungry ghosts
  2 swamp worms (Lair:2)
  6 porcupines
  5 water moccasins
  2 hell hounds (D:11)
  Duvessa (D:7)
  4 orc warriors
  An ice beast (D:5)
  2 black bears
  An eye of draining (D:11)
  A sky beast (D:7)
  A phantom (D:10)
  5 ogres
  A necrophage (D:7)
  9 wolves
  3 centaurs
  8 crocodiles
  4 big kobolds
  A wyvern zombie (D:8)
  A gnoll sergeant (D:10)
  15 bullfrogs
  Dowan (D:7)
  5 scorpions
  A water moccasin skeleton (D:8)
  28 killer bees
  9 wights
  A howler monkey (D:11)
  An electric eel (Lair:2)
  4 crimson imps
  4 bullfrog zombies
  4 orc priests
  2 quasits (D:10)
  5 hounds
  6 jellies
  A bullfrog skeleton (D:9)
  Crazy Yiuf (D:2)
  2 centaur skeletons
  Jessica (D:3)
  2 iguanas
  11 orc wizards
  8 worker ants
  A hound zombie (D:6)
  2 hound skeletons
  A worker ant zombie (D:6)
  9 adders
  13 gnolls
  A shadow imp (D:6)
  An ooze (D:3)
  An adder skeleton (D:4)
  A dart slug (D:2)
  A leopard gecko (D:10)
  45 orcs
  8 giant cockroaches
  9 hobgoblins
  9 jackals
  4 quokkas
  2 ball pythons (D:3)
  8 bats
  4 frilled lizards
  5 goblins
  14 kobolds
  10 rats
415 creatures vanquished.

Vanquished Creatures (others)
  Nessos (Lair:4)
  8 fungi (D:4)
  A plant (Lair:1)
10 creatures vanquished.

Grand Total: 425 creatures vanquished

Notes
Turn   | Place    | Note
-------+----------+-------------------------------------------
     0 | D:1      | JeffiDaFish the Gargoyle Fighter began the quest for the Orb.
     0 | D:1      | Reached XP level 1. HP: 14/14 MP: 1/1
   418 | D:1      | Reached XP level 2. HP: 19/19 MP: 2/2
   460 | D:1      | Gained mutation: You are partially covered in slimy green scales. (AC +2) [potion of mutation]
   460 | D:1      | Gained mutation: Your body sometimes deteriorates upon taking damage. [potion of mutation]
   460 | D:1      | Gained mutation: You possess an exceptional clarity of mind. [potion of mutation]
  1044 | D:2      | Reached XP level 3. HP: 24/24 MP: 3/3
  1388 | D:2      | Reached XP level 4. HP: 29/29 MP: 4/4
  1502 | D:2      | Found an iron altar of Okawaru.
  1594 | D:2      | Found a runed door.
  1717 | D:2      | Noticed Crazy Yiuf
  1722 | D:2      | Killed Crazy Yiuf
  1722 | D:2      | Reached skill level 1 in Dodging
  2110 | D:3      | Reached XP level 5. HP: 27/33 MP: 5/5
  2134 | D:3      | Noticed Sigmund
  2139 | D:3      | Killed Sigmund
  2139 | D:3      | Reached skill level 1 in Evocations
  2139 | D:3      | Reached XP level 6. HP: 35/39 MP: 6/6
  2281 | D:3      | Found a sacrificial altar of Ru.
  2283 | D:3      | Noticed Jessica
  2295 | D:3      | Killed Jessica
  2900 | D:4      | Noticed Grinder
  2923 | D:4      | Killed Grinder
  2923 | D:4      | Reached skill level 5 in Armour
  2923 | D:4      | Reached XP level 7. HP: 41/44 MP: 8/8
  3052 | D:4      | Found an opulent altar of Gozag.
  3199 | D:4      | Reached skill level 5 in Fighting
  3297 | D:4      | Reached skill level 5 in Shields
  3614 | D:4      | Found a bloodstained altar of Trog.
  3749 | D:5      | Entered Level 5 of the Dungeon
  3964 | D:5      | Reached XP level 8. HP: 42/50 MP: 9/9
  4057 | D:5      | Found a staircase to the Ecumenical Temple.
  4077 | Temple   | Entered the Ecumenical Temple
  4275 | Temple   | Became a worshipper of Makhleb the Destroyer
  4653 | D:5      | Found a shattered altar of Ashenzari.
  4687 | D:5      | Found a white marble altar of Elyvilon.
  4688 | D:5      | Found a blossoming altar of Fedhas.
  4752 | D:5      | Reached skill level 5 in Maces & Flails
  5720 | D:6      | Reached XP level 9. HP: 46/56 MP: 10/10
  5996 | D:6      | Reached * piety under Makhleb
  6044 | D:6      | Learned a level 3 spell: Mephitic Cloud
  6424 | D:7      | Reached skill level 1 in Conjurations
  6567 | D:7      | Noticed Duvessa
  6569 | D:7      | Noticed Dowan
  6583 | D:7      | Killed Duvessa
  6594 | D:7      | Killed Dowan
  6653 | D:7      | Got a bloodstained quarterstaff
  6659 | D:7      | Identified the cursed +1 quarterstaff of the Open Hand {drain, rN++ MR- SInv Stlth+} (You found it on level 7 of the Dungeon)
  6971 | D:8      | Reached skill level 1 in Spellcasting
  6971 | D:8      | Reached skill level 1 in Poison Magic
  7039 | D:8      | Reached skill level 1 in Air Magic
  7053 | D:8      | Noticed a two-headed ogre
  7063 | D:8      | Killed a two-headed ogre
  7177 | D:8      | Reached XP level 10. HP: 53/63 MP: 12/12
  7227 | D:8      | Reached ** piety under Makhleb
  7268 | D:8      | Found a hide-covered altar of Uskayaw.
  7394 | D:8      | Found a hazy altar of Hepliaklqana.
  7654 | D:8      | Noticed a three-headed hydra
  7667 | D:8      | Killed a three-headed hydra
  7917 | D:8      | Got an encrusted trident
  7918 | D:8      | Identified the +5 trident of Conflict {pierce, Dex+3} (You found it on level 8 of the Dungeon)
  8049 | D:8      | Noticed a cyan ugly thing
  8065 | D:8      | Killed a cyan ugly thing
  8186 | D:9      | Reached skill level 1 in Polearms
  8234 | D:9      | Reached XP level 11. HP: 56/69 MP: 15/15
  8641 | D:9      | Noticed Gastronok
  8658 | D:9      | Killed Gastronok
  8799 | D:9      | Reached *** piety under Makhleb
  9353 | D:10     | Entered Level 10 of the Dungeon
  9699 | D:10     | Noticed an ice dragon
  9728 | D:10     | HP: 3/69 [ice dragon (3)]
 10334 | D:10     | Identified a scroll of acquirement
 10526 | D:10     | Noticed a hill giant
 10532 | D:10     | Killed a hill giant
 10532 | D:10     | Reached **** piety under Makhleb
 10690 | D:10     | Killed an ice dragon
 11598 | D:11     | Found a staircase to the Lair.
 11616 | D:11     | Reached XP level 12. HP: 76/76 MP: 16/16
 11772 | D:11     | Noticed a six-headed hydra
 11783 | D:11     | Killed a six-headed hydra
 11918 | D:11     | Found an ancient bone altar of Kikubaaqudgha.
 12308 | D:11     | Found Vaojus's Elemental Accessories.
 12414 | Lair:1   | Entered Level 1 of the Lair of Beasts
 12465 | Lair:1   | Noticed a seven-headed hydra
 12475 | Lair:1   | Killed a seven-headed hydra
 12606 | Lair:1   | Noticed VoxxSkies's ghost (novice TrMo)
 12633 | Lair:1   | Killed VoxxSkies's ghost
 12844 | Lair:1   | Noticed a six-headed hydra
 12857 | Lair:1   | Killed a six-headed hydra
 12857 | Lair:1   | Reached skill level 5 in Evocations
 12977 | Lair:1   | Reached ***** piety under Makhleb
 13500 | Lair:2   | Reached skill level 10 in Fighting
 13836 | Lair:2   | Reached skill level 5 in Dodging
 13845 | Lair:2   | Found a staircase to the Swamp.
 13971 | Lair:3   | Lost mutation: You are partially covered in slimy green scales. (AC +2) [potion of cure mutation]
 13971 | Lair:3   | Lost mutation: Your body sometimes deteriorates upon taking damage. [potion of cure mutation]
 13971 | Lair:3   | Lost mutation: You possess an exceptional clarity of mind. [potion of cure mutation]
 13992 | Lair:3   | Reached skill level 10 in Armour
 13997 | Lair:3   | Reached XP level 13. HP: 82/82 MP: 17/17
 14077 | Lair:3   | Reached skill level 10 in Shields
 14170 | Lair:3   | Found a staircase to the Snake Pit.
 14749 | Lair:4   | Noticed Nergalle
 14779 | Lair:4   | Killed Nergalle
 15016 | Lair:4   | Noticed Nessos
 15021 | Lair:4   | Killed Nessos
 15564 | Lair:5   | Found a staircase to the Slime Pits.
 15564 | Lair:5   | Found a viscous altar of Jiyva.
 15843 | Lair:5   | Noticed Rupert
 15863 | Lair:5   | HP: 3/84 [blink frog (5)]
 15865 | Lair:5   | Slain by Rupert

Skill      XL: |  1  2  3  4  5  6  7  8  9 10 11 12 13 |
---------------+----------------------------------------+-----
Maces & Flails | 3 4 5 6 |  6.7
Dodging        | 1 2 3 4 5 |  5.6
Armour         | 4 5 6 7 8 10 11 | 11.0
Fighting       | 4 5 6 7 8 9 10 11 | 11.4
Shields        | 4 5 6 7 8 9 11 | 11.1
Evocations     | 1 2 3 4 5 6 |  6.1
Conjurations   | 1 2 |  2.5
Spellcasting   | 1 2 |  2.6
Poison Magic   | 1 2 |  2.8
Air Magic      | 1 2 |  2.1
Polearms       | 3 7 8 9 |  9.6

Action                   |  1- 3 |  4- 6 |  7- 9 | 10-12 | 13-15 || total
-------------------------+-------+-------+-------+-------+-------++-------
Melee: Flail             |   102 |    98 |       |   117 |       ||   317
       Club              |       |    37 |   482 |    54 |       ||   573
       Trident           |       |       |       |   857 |   474 ||  1331
  Use: Scroll            |    11 |     3 |     8 |    11 |       ||    33
       Potion            |     4 |     4 |     5 |     4 |     2 ||    19
  Eat: Chunk             |     2 |     5 |    13 |    21 |     7 ||    48
       Beef jerky        |       |       |     1 |       |       ||     1
       Royal jelly       |       |       |       |     3 |       ||     3
       Pizza             |       |       |       |     2 |       ||     2
Armor: Scale mail        |    44 |    41 |    50 |       |       ||   135
       Chain mail        |       |       |    49 |       |       ||    49
       Plate armour      |       |       |   117 |   572 |   337 ||  1026
Dodge: Dodged            |    32 |    46 |   129 |   277 |   171 ||   655
Block: Shield            |    58 |    79 |   340 |   397 |       ||   874
       Large shield      |       |       |       |   545 |   551 ||  1096
       Reflection        |       |       |       |       |     5 ||     5
